 Dungeon Crawl Stone Soup version 0.31-a0-188-g5e087ee2ca (webtiles) character file.

Game seed: 3314596393841222999

64 qw the Shooter (level 3, -5/20 HPs)
             Began as a Deep Elf Hunter on June 23, 2023.
             Slain by a gnoll
             ... wielding a +0 whip
              (6 damage)
             ... on level 2 of the Dungeon.
             The game lasted 00:00:18 (778 turns).

qw the Shooter (Deep Elf Hunter)                     Turns: 778, Time: 00:00:19

Health: -5/20      AC:  4    Str: 10    XL:     3   Next: 91%
Magic:  5/5        EV: 12    Int: 13    God:
Gold:   86         SH:  0    Dex: 18    Spells: 2/2 levels left

rFire   . . .        Y - +0 shortbow
rCold   . . .        (shield currently unavailable)
rNeg    . . .        c - +0 leather armour
rPois   .            (no helmet)
rElec   .            (no cloak)
rCorr   .            e - +0 pair of gloves
SInv    .            (no boots)
Will    .....        (no amulet)
Stlth   ++           (no ring)
HPRegen 0.23/turn    (no ring)
MPRegen 0.09/turn

%: no passive effects
@: no status effects
A: no striking features
a: no special abilities


You were on level 2 of the Dungeon.
You visited 1 branch of the dungeon, and saw 2 of its levels.

You collected 86 gold pieces.


   Skills:
 - Level 1.5 Fighting
 + Level 7.3 Ranged Weapons
 - Level 2.4 Dodging
 - Level 1.2 Stealth


You had 2 spell levels left.
You didn't know any spells.
Your spell library was empty.

Inventory:

Hand Weapons
 Y - a +0 shortbow (weapon)
Armour
 a - a +0 ring mail
 c - a +0 leather armour (worn)
 d - the +1 scale mail "Qeegeyg" {Rampage rPois rC++ rCorr}
   (You found it on level 2 of the Dungeon)

   rC:        It greatly protects you from cold.
   rPois:     It protects you from poison.
   rCorr:     It protects you from acid and corrosion.
   Rampage:   It bestows one free step when moving towards enemies.
 e - a +0 pair of gloves (worn)
Scrolls
 b - a scroll of identify {unknown}

Dungeon Overview and Level Annotations

Branches:
Dungeon (2/15)

Altars:


Message History

The goblin closely misses you. The adder barely misses you.
You shoot an arrow. The gnoll shouts!
The arrow hits the adder.
The adder is almost dead.
You feel sick. The adder closely misses you. The goblin misses you.
You shoot an arrow. The arrow hits the adder!
You kill the adder!
You feel sick. The goblin barely misses you.
You shoot an arrow. The arrow hits the gnoll!
The gnoll is heavily wounded.
You feel sick. The quokka completely misses you.
The goblin hits you with a +0 club.
You shoot an arrow. The arrow hits the gnoll.
The gnoll is severely wounded.
You feel sick. The quokka misses you. The gnoll barely misses you.
The goblin drinks a potion.
The goblin seems to grow stronger.
The quokka barely misses you.
You shoot an arrow. The arrow hits the gnoll.
You kill the gnoll!
You feel sick. The gnoll barely misses you.
The goblin hits you but does no damage. The quokka barely misses you.
You shoot an arrow. The arrow hits the gnoll.
The gnoll is heavily wounded.
You feel sick.
You are no longer poisoned.
The gnoll barely misses you. The quokka closely misses you.
The goblin hits you with a +0 club.
You shoot an arrow. The arrow hits the gnoll.
The gnoll is severely wounded.
The quokka bites you. The gnoll completely misses you.
The goblin barely misses you.
You shoot an arrow. The arrow barely misses the gnoll.
The quokka bites you but does no damage.
The gnoll misses you. The goblin hits you with a +0 club.
The gnoll hits you with a +0 whip. The quokka bites you.
You shoot an arrow. The arrow hits the gnoll.
You kill the gnoll!
The gnoll hits you with a +0 whip.
You die...

## ###### .#
#######....### .##
#............ ..#
#...#.#.#..####r.#####
#.........#.#.@gS.....
#...#.#.#.##.)g#......
#.....................
#...#.#.#..##.##.####.
#................#
#####.#######.####
#.......#####.#
#.####.......##
##..7...7..##


You could see a gnoll, a quokka, a goblin (strong) and a ball python.

Vanquished Creatures
  2 gnolls (D:2)
  3 adders (D:2)
  3 endoplasms (D:1)
  A giant cockroach (D:1)
  2 goblins
  3 hobgoblins (D:1)
  3 kobolds (D:1)
  A quokka (D:2)
  4 ball pythons (D:1)
  A bat (D:2)
  3 frilled lizards
  5 rats
31 creatures vanquished.

Notes
Turn   | Place    | Note
-------+----------+-------------------------------------------
     0 | D:1      | qw the Deep Elf Hunter began the quest for the Orb.
     0 | D:1      | Reached XP level 1. HP: 12/12 MP: 3/3
     0 | D:1      | 0 ||| qw: Version: 0.3-a-9-g12657ce
     0 | D:1      | 0 ||| qw: Game counter: 4056
     0 | D:1      | 0 ||| qw: Always use a shield: true
     0 | D:1      | 0 ||| qw: God list: Okawaru
     0 | D:1      | 0 ||| qw: Allow faded altars: false
     0 | D:1      | 0 ||| qw: Do Orc after D:15 true
     0 | D:1      | 0 ||| qw: Do second Lair branch before Depths: true
     0 | D:1      | 0 ||| qw: Lair rune preference: random
     0 | D:1      | 0 ||| qw: Plans: Normal
     0 | D:1      | 0 ||| PLANNING D:1-11
   123 | D:1      | Reached XP level 2. HP: 16/16 MP: 4/4
   126 | D:1      | Reached skill level 6 in Ranged Weapons
   492 | D:1      | 492 ||| UPGRADING to +0 pair of gloves.
   497 | D:1      | 497 ||| READING scroll labelled WOFFECS DOL JUMM.
   498 | D:1      | 498 ||| DROPPING scroll of butterflies.
   670 | D:2      | Reached XP level 3. HP: 16/20 MP: 5/5
   678 | D:2      | Reached skill level 7 in Ranged Weapons
   759 | D:2      | Identified the +1 scale mail "Qeegeyg" {Rampage rPois rC++
                  | rCorr}
   777 | D:2      | HP: 4/20 [goblin/+0 club (3)]
   777 | D:2      | HP: 1/20 [quokka (1)]
   778 | D:2      | Slain by a gnoll

Levels and vault maps discovered:
D:1:      amcnicky_arrival_blooded_trapdoor, layout_basic,
          nicolae_figureground_pulse
D:2:      layout_loops_cross, glass_columns_b, grunt_ministairs_10, uniq_terence

Skill      XL: |  1  2  3 |
---------------+----------+-----
Ranged Weapons | 6 7 |  7.3
Fighting       | |  1.5
Dodging        | |  2.4
Stealth        | |  1.2

Action                     || total
---------------------------++-------
   Fire: Shortbow          ||    80
    Use: Scroll            ||     1
 Armour: Leather armour    ||    10
  Dodge: Dodged            ||    50

Table legend:
 A = Non-vault XP
 B = Vault XP
 C = Vault XP percentage of total XP
 D = Non-vault monster count
 E = Vault monster count
 F = Vault count percentage of total count
                 A         B        C        D         E       F
            +---------+---------+-------+---------+---------+-------
      Total |      92 |      14 |  13.2 |      29 |       2 |   6.5
            +---------+---------+-------+---------+---------+-------
        D:1 |      30 |       0 |   0.0 |      20 |       0 |   0.0
        D:2 |      62 |      14 |  18.4 |       9 |       2 |  18.2
            +---------+---------+-------+---------+---------+-------
